TOP OF THE 1ST |
Irvine Gang Green batting - Pitching for Maui Tropics : RHP Júlio González
|
Pitching: RHP Júlio González
|
|
Batting: LHB José Sánchez
|
0-0: Ball 1-0: Called Strike 1-1: Called Strike 1-2: Ground out U3 (Groundball, 34S)
|
Batting: RHB Tom Doherty
|
0-0: Called Strike 0-1: Foul Ball, location: 2F 0-2: Ball 1-2: Ball 2-2: Foul Ball, location: 2F 2-2: Foul Ball, location: 2F 2-2: SINGLE (Groundball, 6D)
|
Batting: LHB Víctor Quiñones
|
0-0: Ball 1-0: Called Strike 1-1: Ball 2-1: Grounds into double play, 4-6-3 (Groundball, 4)
|
Top of the 1st over - 0 run(s), 1 hit(s), 0 error(s), 0 left on base; Irvine 0 - Maui 0 |
BOTTOM OF THE 1ST |
Maui Tropics batting - Pitching for Irvine Gang Green : RHP Jung Chwa
|
Pitching: RHP Jung Chwa
|
|
Batting: RHB Bo Vickers
|
0-0: Foul Ball, location: 2F 0-1: Fly out, F8 (Flyball, 8RD)
|
Batting: RHB Matt Silver
|
0-0: Foul Ball, location: 2F 0-1: Swinging Strike 0-2: Ball 1-2: Strikes out looking
|
Batting: RHB Luis Alou
|
0-0: Ball 1-0: Ball 2-0: Fly out, F9 (Flyball, 9D)
|
Bottom of the 1st over - 0 run(s), 0 hit(s), 0 error(s), 0 left on base; Irvine 0 - Maui 0 |
TOP OF THE 2ND |
Irvine Gang Green batting - Pitching for Maui Tropics : RHP Júlio González
|
Batting: RHB Buck Jones
|
0-0: Swinging Strike 0-1: Ball 1-1: Foul Ball, location: 2F 1-2: Strikes out swinging
|
Batting: LHB Frank Geddes
|
0-0: Ball 1-0: Ball 2-0: Ball 3-0: Called Strike 3-1: Called Strike 3-2: Strikes out looking
|
Batting: SHB Carlos Córdova
|
0-0: Called Strike 0-1: Foul Ball, location: 2F 0-2: Ball 1-2: Ball 2-2: Foul Ball, location: 2F 2-2: Ground out 4-3 (Groundball, 34D)
|
Top of the 2nd over - 0 run(s), 0 hit(s), 0 error(s), 0 left on base; Irvine 0 - Maui 0 |
BOTTOM OF THE 2ND |
Maui Tropics batting - Pitching for Irvine Gang Green : RHP Jung Chwa
|
Batting: RHB José Herrera
|
0-0: Called Strike 0-1: Called Strike 0-2: SINGLE (Flyball, 4D)
|
Batting: LHB Luis Antonio Torres
|
0-0: Ball 1-0: Fielders Choice at 2nd, 1-6 (Groundball, 13)
|
Batting: LHB Dave Cook
|
0-0: Swinging Strike 0-1: Swinging Strike 0-2: Strikes out swinging
|
Batting: LHB Mike Pearson
|
0-0: Fielders Choice at 2nd, 5-4 (Groundball, 56)
|
Bottom of the 2nd over - 0 run(s), 1 hit(s), 0 error(s), 0 left on base; Irvine 0 - Maui 0 |
TOP OF THE 3RD |
Irvine Gang Green batting - Pitching for Maui Tropics : RHP Júlio González
|
Batting: RHB Eichiro Yamamoto
|
0-0: Ball 1-0: Fly out, F9 (Flyball, 9)
|
Batting: LHB Tom Baker
|
0-0: Foul Ball, location: 2F 0-1: Ball 1-1: Called Strike 1-2: Ball 2-2: Strikes out swinging
|
Batting: RHB Aaron Wilson
|
0-0: Foul Ball, location: 2F 0-1: Swinging Strike 0-2: Strikes out swinging
|
Top of the 3rd over - 0 run(s), 0 hit(s), 0 error(s), 0 left on base; Irvine 0 - Maui 0 |
BOTTOM OF THE 3RD |
Maui Tropics batting - Pitching for Irvine Gang Green : RHP Jung Chwa
|
Batting: RHB Michael Woodruff
|
0-0: Ball 1-0: Swinging Strike 1-1: Foul Ball, location: 2F 1-2: Foul Ball, location: 2F 1-2: Foul Ball, location: 2F 1-2: Ball 2-2: Ball 3-2: SOLO HOME RUN (Flyball, 78XD), Distance : 386 ft
|
Batting: LHB Mario Olivares
|
0-0: Swinging Strike 0-1: Ball 1-1: Called Strike 1-2: Foul Ball, location: 2F 1-2: Fly out, F8 (Flyball, 8RS)
|
Batting: RHB Bo Vickers
|
0-0: Reached on error, E4 (Groundball, 34)
|
Batting: RHB Matt Silver
|
0-0: Ball 1-0: Fielders Choice at 2nd, 6-4 (Groundball, 56)
|
Batting: RHB Luis Alou
|
0-0: Swinging Strike 0-1: Ball 1-1: Foul Ball, location: 2F 1-2: Foul Ball, location: 2F 1-2: Ball 2-2: Strikes out swinging
|
Bottom of the 3rd over - 1 run(s), 1 hit(s), 1 error(s), 1 left on base; Irvine 0 - Maui 1 |
TOP OF THE 4TH |
Irvine Gang Green batting - Pitching for Maui Tropics : RHP Júlio González
|
Batting: LHB José Sánchez
|
0-0: Swinging Strike 0-1: Ground out U3 (Groundball, 3)
|
Batting: RHB Tom Doherty
|
0-0: Ball 1-0: SINGLE (Flyball, 9LS)
|
Batting: LHB Víctor Quiñones
|
0-0: Ball 1-0: Ball 2-0: Ball 3-0: Called Strike 3-1: Called Strike 3-2: Base on Balls Tom Doherty to second
|
Batting: RHB Buck Jones
|
0-0: Ball 1-0: Called Strike 1-1: Swinging Strike 1-2: Fly out, F9 (Flyball, 9S)
|
Batting: LHB Frank Geddes
|
0-0: Ball 1-0: Swinging Strike 1-1: Ball 2-1: Foul Ball, location: 2F 2-2: Foul Ball, location: 2F 2-2: Foul Ball, location: 2F 2-2: Strikes out swinging
|
Top of the 4th over - 0 run(s), 1 hit(s), 0 error(s), 2 left on base; Irvine 0 - Maui 1 |
BOTTOM OF THE 4TH |
Maui Tropics batting - Pitching for Irvine Gang Green : RHP Jung Chwa
|
Batting: RHB José Herrera
|
0-0: Called Strike 0-1: Called Strike 0-2: Fly out, F4 (Popup, 3D)
|
Batting: LHB Luis Antonio Torres
|
0-0: Ball 1-0: Swinging Strike 1-1: Called Strike 1-2: Fly out, F8 (Flyball, 8LM)
|
Batting: LHB Dave Cook
|
0-0: Called Strike 0-1: Ball 1-1: Called Strike 1-2: Ball 2-2: Ball 3-2: Fly out, F8 (Flyball, 78M)
|
Bottom of the 4th over - 0 run(s), 0 hit(s), 0 error(s), 0 left on base; Irvine 0 - Maui 1 |
TOP OF THE 5TH |
Irvine Gang Green batting - Pitching for Maui Tropics : RHP Júlio González
|
Batting: SHB Carlos Córdova
|
0-0: Called Strike 0-1: Foul Ball, location: 2F 0-2: Foul Ball, location: 2F 0-2: Foul Ball, location: 2F 0-2: Ball 1-2: Ball 2-2: Foul Ball, location: 2F 2-2: Foul Ball, location: 2F 2-2: Foul Ball, location: 2F 2-2: Fly out, F8 (Flyball, 8LS)
|
Batting: RHB Eichiro Yamamoto
|
0-0: Ball 1-0: Swinging Strike 1-1: Swinging Strike 1-2: Ball 2-2: Foul Ball, location: 2F 2-2: Strikes out looking
|
Batting: LHB Tom Baker
|
0-0: Called Strike 0-1: DOUBLE (Line Drive, 9LS)
|
Batting: RHB Aaron Wilson
|
0-0: Ball 1-0: SINGLE (Groundball, 56S) (infield hit) Tom Baker to third
|
Batting: LHB José Sánchez
|
0-0: Fly out, F4 (Line Drive, 4M)
|
Top of the 5th over - 0 run(s), 2 hit(s), 0 error(s), 2 left on base; Irvine 0 - Maui 1 |
BOTTOM OF THE 5TH |
Maui Tropics batting - Pitching for Irvine Gang Green : RHP Jung Chwa
|
Batting: LHB Mike Pearson
|
0-0: Swinging Strike 0-1: Ball 1-1: Foul Ball, location: 2F 1-2: Ground out 6-3 (Groundball, 56)
|
Batting: RHB Michael Woodruff
|
0-0: DOUBLE (Flyball, 8LXD)
|
Batting: LHB Mario Olivares
|
0-0: Ground out 2-3 (Groundball, 2R) Michael Woodruff to third
|
Batting: RHB Bo Vickers
|
0-0: Called Strike 0-1: Ball 1-1: Ball 2-1: Swinging Strike 2-2: SINGLE (Line Drive, 56D) Michael Woodruff scores
|
Batting: RHB Matt Silver
|
0-0: Ball 1-0: Called Strike 1-1: Called Strike 1-2: Fly out, F9 (Flyball, 9)
|
Bottom of the 5th over - 1 run(s), 2 hit(s), 0 error(s), 1 left on base; Irvine 0 - Maui 2 |
TOP OF THE 6TH |
Irvine Gang Green batting - Pitching for Maui Tropics : RHP Júlio González
|
Batting: RHB Tom Doherty
|
0-0: Ball 1-0: Ground out 5-3 (Groundball, 56S)
|
Batting: LHB Víctor Quiñones
|
0-0: SOLO HOME RUN (Flyball, 9D), Distance : 446 ft
|
Batting: RHB Buck Jones
|
0-0: Ball 1-0: Ball 2-0: Foul Ball, location: 2F 2-1: Ball 3-1: DOUBLE (Line Drive, 9LS)
|
Batting: LHB Frank Geddes
|
0-0: Called Strike 0-1: Ball 1-1: Ground out U3 (Groundball, 34) Buck Jones to third
|
Batting: SHB Carlos Córdova
|
0-0: Swinging Strike 0-1: Swinging Strike 0-2: Ball 1-2: Ball 2-2: Ground out 6-3 (Groundball, 6)
|
Top of the 6th over - 1 run(s), 2 hit(s), 0 error(s), 1 left on base; Irvine 1 - Maui 2 |
BOTTOM OF THE 6TH |
Maui Tropics batting - Pitching for Irvine Gang Green : RHP Jung Chwa
|
Batting: RHB Luis Alou
|
0-0: Ball 1-0: Called Strike 1-1: Ball 2-1: Called Strike 2-2: Foul Ball, location: 2F 2-2: Foul Ball, location: 2F 2-2: Strikes out swinging
|
Batting: RHB José Herrera
|
0-0: Called Strike 0-1: Ball 1-1: Swinging Strike 1-2: SINGLE (Line Drive, 9S)
|
Batting: LHB Luis Antonio Torres
|
0-0: Fielders Choice at 2nd, 6-4 (Groundball, 6D)
|
Batting: LHB Dave Cook
|
0-0: Ground out 4-3 (Groundball, 4S)
|
Bottom of the 6th over - 0 run(s), 1 hit(s), 0 error(s), 1 left on base; Irvine 1 - Maui 2 |
TOP OF THE 7TH |
Irvine Gang Green batting - Pitching for Maui Tropics : RHP Júlio González
|
Pitching: RHP John Burris
|
|
Batting: RHB Eichiro Yamamoto
|
0-0: Ball 1-0: Fly out, F3 (Popup, 3S)
|
Batting: LHB Tom Baker
|
0-0: Ball 1-0: Fly out, F8 (Flyball, 8RM)
|
Batting: RHB Aaron Wilson
|
0-0: Ball 1-0: Ball 2-0: SINGLE (Line Drive, 78S)
|
Batting: LHB José Sánchez
|
0-0: Ball 1-0: Ball 2-0: Ball 3-0: Called Strike 3-1: Base on Balls Aaron Wilson to second
|
Batting: RHB Tom Doherty
|
0-0: Fielders Choice at 2nd, 4-6 (Groundball, 4)
|
Top of the 7th over - 0 run(s), 1 hit(s), 0 error(s), 1 left on base; Irvine 1 - Maui 2 |
BOTTOM OF THE 7TH |
Maui Tropics batting - Pitching for Irvine Gang Green : RHP Jung Chwa
|
Batting: LHB Mike Pearson
|
0-0: Ground out U3 (Groundball, 3)
|
Batting: RHB Michael Woodruff
|
0-0: Reached on error, E6 (Groundball, 6)
|
Pinch Hitting: LHB José Rivas
|
0-0: Called Strike 0-1: Fielders Choice at 2nd, 4-6 (Groundball, 4)
|
Pinch Hitting: RHB José Rodríguez
|
0-0: Foul Ball, location: 2F 0-1: Foul Ball, location: 2F 0-2: Strikes out swinging
|
Bottom of the 7th over - 0 run(s), 0 hit(s), 1 error(s), 1 left on base; Irvine 1 - Maui 2 |
TOP OF THE 8TH |
Irvine Gang Green batting - Pitching for Maui Tropics : RHP John Burris
|
Pitching: RHP Yong-taek Yi
|
|
Now at 3B: Juan Medina
|
|
Now in CF: José Rodríguez
|
|
Batting: LHB Víctor Quiñones
|
0-0: SOLO HOME RUN (Flyball, 89XD), Distance : 388 ft
|
Batting: RHB Buck Jones
|
0-0: Ball 1-0: Ball 2-0: Ground out 4-3 (Groundball, 4)
|
Batting: LHB Frank Geddes
|
0-0: Ball 1-0: Fly out, F9 (Flyball, 9)
|
Pinch Hitting: LHB Leonardo Medina
|
0-0: Ball 1-0: Foul Ball, location: 2F 1-1: Called Strike 1-2: Ball 2-2: SINGLE (Groundball, 4MD)
|
Batting: RHB Eichiro Yamamoto
|
0-0: Called Strike 0-1: Ball 1-1: Foul Ball, location: 2F 1-2: Ball 2-2: Strikes out swinging
|
Top of the 8th over - 1 run(s), 2 hit(s), 0 error(s), 1 left on base; Irvine 2 - Maui 2 |
BOTTOM OF THE 8TH |
Maui Tropics batting - Pitching for Irvine Gang Green : RHP Jung Chwa
|
Now at 3B: Ronnie Brown
|
|
Batting: RHB Matt Silver
|
0-0: Ground out 6-3 (Groundball, 6)
|
Batting: RHB Luis Alou
|
0-0: SINGLE (Line Drive, 8LS)
|
Batting: RHB José Herrera
|
0-0: Called Strike Luis Alou is caught stealing 2nd base 0-1: Ball 1-1: Foul Ball, location: 2F 1-2: Foul Ball, location: 2F 1-2: Ball 2-2: SINGLE (Line Drive, 7S)
|
Batting: LHB Luis Antonio Torres
|
0-0: Ball 1-0: SINGLE (Flyball, 8RS) José Herrera to second
|
Batting: LHB Dave Cook
|
0-0: Ball 1-0: Ball 2-0: Swinging Strike 2-1: Called Strike 2-2: Ball 3-2: Ground out 2-3 (Groundball, 2R)
|
Bottom of the 8th over - 0 run(s), 3 hit(s), 0 error(s), 2 left on base; Irvine 2 - Maui 2 |
TOP OF THE 9TH |
Irvine Gang Green batting - Pitching for Maui Tropics : RHP Yong-taek Yi
|
Pitching: RHP José García
|
|
Batting: LHB Tom Baker
|
0-0: Called Strike 0-1: Swinging Strike 0-2: Ball 1-2: Ball 2-2: Foul Ball, location: 2F 2-2: Strikes out looking
|
Batting: RHB Aaron Wilson
|
0-0: Ball 1-0: Reached on error, E5 (Groundball, 5S)
|
Batting: LHB José Sánchez
|
0-0: Ball 1-0: Ball 2-0: Swinging Strike 2-1: Foul Ball, location: 2F 2-2: Foul Ball, location: 2F 2-2: Foul Ball, location: 2F 2-2: Foul Ball, location: 2F 2-2: Ball 3-2: Foul Ball, location: 2F 3-2: Foul Ball, location: 2F 3-2: DOUBLE (Line Drive, 9LM) Aaron Wilson to third
|
Pinch Hitting: LHB José Esparza
|
0-0: Ground out 4-3 (Groundball, 4MS)
|
Batting: LHB Víctor Quiñones
|
0-0: Called Strike 0-1: Ball 1-1: Foul Ball, location: 2F 1-2: Ball 2-2: Ball 3-2: SINGLE (Line Drive, 89S) Aaron Wilson scores José Sánchez to third José Sánchez scores
|
Batting: RHB Buck Jones
|
0-0: Ball 1-0: Foul Ball, location: 2F 1-1: Ball 2-1: Called Strike 2-2: Ball 3-2: Ground out 1-3 (Groundball, 13S)
|
Top of the 9th over - 2 run(s), 2 hit(s), 1 error(s), 1 left on base; Irvine 4 - Maui 2 |
BOTTOM OF THE 9TH |
Maui Tropics batting - Pitching for Irvine Gang Green : RHP Jung Chwa
|
Pitching: RHP Takehide Ono
|
|
Now at C: Raúl Salas
|
|
Batting: LHB Mike Pearson
|
0-0: Called Strike 0-1: SOLO HOME RUN (Flyball, 7D), Distance : 371 ft
|
Pitching: LHP Santiago González
|
|
Batting: RHB Michael Woodruff
|
0-0: Called Strike 0-1: Called Strike 0-2: Ball 1-2: Ball 2-2: SINGLE (Flyball, 9LS)
|
Pinch Runner at 1st Ernesto López:
|
|
Batting: LHB Juan Medina
|
0-0: Ball 1-0: Bunted foul 1-1: Ball 2-1: Bunted foul 2-2: Strikes out swinging
|
Batting: RHB José Rodríguez
|
0-0: Fly out, F4 (Popup, 3D)
|
Batting: RHB Matt Silver
|
0-0: Called Strike 0-1: Ball 1-1: Called Strike 1-2: Strikes out looking
|
Bottom of the 9th over - 1 run(s), 2 hit(s), 0 error(s), 1 left on base; Irvine 4 - Maui 3 |
|